 Dungeon Crawl Stone Soup version 0.32-a0-597-g8e3e136d6a (webtiles) character file.

Game seed: 5085612607116756788

151 BeKind the Chiller (level 5, -1/35 HPs)
             Began as a Barachi Ice Elementalist on Mar 2, 2024.
             Was an Initiate of Ru.
             Slain by an orc
             ... wielding a +0 short sword
              (2 damage)
             ... on level 3 of the Dungeon.
             The game lasted 00:03:54 (2884 turns).

BeKind the Chiller (Barachi Ice Elementalist)       Turns: 2884, Time: 00:03:55

Health: -1/35      AC:  3    Str: 10    XL:     5   Next: 33%
Magic:  1/9        EV: 12    Int: 17    God:    Ru [......]
Gold:   66         SH:  0    Dex: 12    Spells: 3/10 levels left

rFire   . . .        j - +0 dagger (elec)
rCold   . . .        (no shield)
rNeg    . . .        l - +0 leather armour
rPois   .            (no helmet)
rElec   .            (no cloak)
rCorr   .            (no gloves)
SInv    .            (no boots)
Will    .....        (no amulet)
Stlth   ++           (no ring)
HPRegen 0.25/turn    (no ring)
MPRegen 0.11/turn

%: no passive effects
@: slow
A: amphibious, slowness 1, strong legs 1, +LOS
a: Hop, Renounce Religion


You were on level 3 of the Dungeon.
You worshipped Ru.
Ru was noncommittal.
You visited 1 branch of the dungeon, and saw 3 of its levels.

You collected 66 gold pieces.

Inventory:

Hand Weapons
 c - a +0 club
 f - a +1 short sword of venom
 j - a +0 dagger of electrocution (weapon)
Armour
 a - a +0 robe
 l - a +0 leather armour (worn)
Jewellery
 o - a ring of positive energy
Scrolls
 d - a scroll of fog {unknown}
 e - a scroll of immolation {unknown}
 g - 4 scrolls of teleportation {unknown}
 m - a scroll of identify {unknown}
Potions
 b - a potion of magic
 h - 2 potions of heal wounds {unknown}
 i - a potion of curing {unknown}
 k - a potion of brilliance {unknown}
 n - a potion of degeneration {unknown}
 p - a potion of cancellation {unknown}


   Skills:
 * Level 2.6 Armour
 + Level 3.4 Dodging
 - Level 1.7 Stealth
 + Level 3.3 Spellcasting
 + Level 5.6 Ice Magic


You had 3 spell levels left.
You knew the following spells:

 Your Spells              Type           Power      Damage    Failure   Level
a - Freeze                Ice            88%        1d9       2%          1
b - Frozen Ramparts       Ice            44%        1d7       6%          3
c - Ozocubu's Armour      Ice            22%        N/A       6%          3

Your spell library contained the following spells:

 Spells                   Type           Power      Damage    Failure   Level
 Summon Ice Beast         Ice/Summ       12%        N/A       21%         3
 Slow                     Hex            8%         N/A       22%         1
 Lesser Beckoning         Tloc           4%         N/A       34%         2
 Confusing Touch          Hex            2%         N/A       56%         3
 Gell's Gravitas          Tloc           2%         N/A       56%         3
 Sigil of Binding         Hex            2%         N/A       56%         3
 Teleport Other           Tloc           2%         N/A       56%         3
 Vampiric Draining        Necr           2%         2d6       56%         3


Dungeon Overview and Level Annotations

Branches:
Dungeon (3/15)

Altars:
Ru
Sif Muna


Innate Abilities, Weirdness & Mutations

You are amphibious.
You cover ground slowly.
You can hop short distances.
You have an extended range of vision and can be seen from far away.


Message History

The orc is lightly wounded.
The wall freezes the orc.
The orc hits you with a +0 club.
The wall freezes the orc priest but does no damage.
You hit the orc but do no damage.
The orc is severely wounded.
The wall freezes the orc.
You kill the orc!
The wall freezes the orc priest.
You hit the orc.
The orc is moderately wounded.
The frozen ramparts melt away.
The orc hits you with a +0 short sword.
* * * LOW HITPOINT WARNING * * *
You hit the orc but do no damage.
The orc is moderately wounded.
Casting: Frozen Ramparts (dangerous; 6% risk of failure)
Confirm with . or Enter, or press ? or * to list all spells.
Aiming: Freeze (safe; 2% risk of failure)
Press: ? - help, Shift-Dir - straight line, f - orc
Aim: an orc, wielding a +0 short sword and wearing a +0 ring mail (moderately wounded)
You freeze the orc.
The orc is severely wounded.
The orc hits you but does no damage.
You hit the orc priest but do no damage.
The orc priest is almost dead.
The orc priest hits you with a +0 falchion.
* * * LOW HITPOINT WARNING * * *
The orc hits you with a +0 short sword.
* * * LOW HITPOINT WARNING * * *
You barely miss the orc priest.
The orc priest is almost dead.
The orc priest calls upon Beogh to heal the orc.
The orc's wounds heal themselves!
The orc hits you with a +0 short sword.
* * * LOW HITPOINT WARNING * * *
You barely miss the orc priest.
The orc priest is almost dead.
The orc priest hits you with a +0 falchion.
* * * LOW HITPOINT WARNING * * *
The orc hits you with a +0 short sword.
You die...
Ru respects your ultimate sacrifice.

.. #.# ...# #.#######
... #.#.....# .###..
#.#.[...#
.......#)#.[...#
###......†...#
+..............########
#########.....oo......#
##....@#......# #.....#
.....# ####### o...#
...# o.. .. #


You could see an orc priest and an orc.

Vanquished Creatures
  An orc wizard (D:3)
  Natasha (twice) (D:2)
  2 adders
  4 dart slugs
  4 orcs (D:3)
  2 endoplasms
  A giant cockroach (D:3)
  3 goblins
  7 hobgoblins
  A kobold (D:2)
  4 quokkas
  4 ball pythons
  6 bats
  4 frilled lizards
  8 rats
53 creatures vanquished.

Notes
Turn   | Place    | Note
-------+----------+-------------------------------------------
     0 | D:1      | BeKind the Barachi Ice Elementalist began the quest for the
                  | Orb.
     0 | D:1      | Reached XP level 1. HP: 13/13 MP: 3/3
   258 | D:1      | Reached skill level 5 in Ice Magic
   258 | D:1      | Reached XP level 2. HP: 4/19 MP: 1/5
   739 | D:1      | Reached XP level 3. HP: 24/24 MP: 7/7
  1098 | D:1      | Learned a level 3 spell: Frozen Ramparts
  1507 | D:2      | Noticed Natasha
  1514 | D:2      | Killed Natasha
  1515 | D:2      | Reached skill level 1 in Armour
  1585 | D:2      | Reached XP level 4. HP: 23/30 MP: 8/8
  2063 | D:2      | Noticed Natasha
  2069 | D:2      | Killed Natasha
  2620 | D:3      | Learned a level 3 spell: Ozocubu's Armour
  2643 | D:3      | Found a shimmering blue altar of Sif Muna.
  2643 | D:3      | Found a sacrificial altar of Ru.
  2678 | D:3      | Became a worshipper of Ru the Awakened
  2714 | D:3      | Reached XP level 5. HP: 28/35 MP: 4/9
  2884 | D:3      | HP: 1/35 [orc priest/+0 falchion (4)]
  2884 | D:3      | Slain by an orc

Illustrated notes

Levels and vault maps discovered:
D:1:      wander_arrival_chamber, layout_loops_corners, minmay_misc_feat_x,
          hangedman_glass_teeth
D:2:      layout_basic, uniq_natasha
D:3:      layout_basic, mainiacjoe_overflow_catch_the_wave,
          amcnicky_altar_gilded

Skill      XL: |  1  2  3  4 |
---------------+-------------+-----
Ice Magic      | 5 |  5.6
Armour         | 1 2 |  2.6
Dodging        | 3 |  3.4
Spellcasting   | 3 |  3.3
Stealth        | |  1.7

Action                     |  1- 3 |  4- 6 || total
---------------------------+-------+-------++-------
  Melee: Club              |    29 |       ||    29
         Unarmed           |     1 |       ||     1
         Dagger            |    25 |    18 ||    43
         Short sword       |    11 |       ||    11
   Cast: Freeze            |    15 |    37 ||    52
         Frozen Ramparts   |     1 |     3 ||     4
   Stab: Sleeping          |     5 |       ||     5
 Armour: Robe              |    36 |       ||    36
         Leather armour    |     5 |    43 ||    48
  Dodge: Dodged            |    59 |    34 ||    93

Table legend: (Time is in decaauts)
 A = Elapsed time spent in this place.
 B = Non-inter-level travel time spent in this place.
 C = Inter-level travel time spent in this place.
 D = Time resting spent in this place.
 E = Time spent auto-exploring this place.
 F = Levels seen in this place.
 G = Mean time per level.
                   A        B        C        D        E       F      G
               +--------+--------+--------+--------+--------+-----+--------+
         Total |   3314 |   3210 |    104 |      0 |   2762 |   3 | 1104.7 |
       Dungeon |   3314 |   3210 |    104 |      0 |   2762 |   3 | 1104.7 |
               +--------+--------+--------+--------+--------+-----+--------+

Top non-repeatable levels by time:
     D:2: 1647 daAuts
     D:1: 1283 daAuts
     D:3: 383 daAuts
